 Dungeon Crawl Stone Soup version 0.18.1-47-g9310371 (webtiles) character file.

33 Jersh the Caller (level 3, -2/14 HPs)
             Began as a Felid Summoner on June 13, 2016.
             Slain by a gnoll
             ... wielding a +0 spear
              (4 damage)
             ... on level 3 of the Dungeon.
             The game lasted 00:10:45 (708 turns).

Jersh the Caller (Felid Summoner)                    Turns: 708, Time: 00:10:48

Health: -2/14      AC:  1    Str:  4    XL:     3   Next: 12%
Magic:  1/7        EV: 18    Int: 17    God:
Gold:   45         SH:  0    Dex: 16    Spells: 1 memorised, 5 levels left
                                        Lives:  0   Deaths: 0

rFire  . . .     SeeInvis +     (weapon unavailable)
rCold  . . .     Gourm    .     (armour unavailable)
rNeg   . . .     Faith    .     (shield unavailable)
rPois  .         Spirit   .     (helmet unavailable)
rElec  .         Dismiss  .     (cloak unavailable)
rCorr  .         Reflect  .     (gloves unavailable)
SustAt .         Harm     .     (boots unavailable)
MR     .....                    (no amulet)
Stlth  +++.......               (no ring)
                                (no ring)

@: quick, not resistant to hostile enchantments, fairly stealthy
A: no armour, no weapons or thrown items, claws 1, fangs 3, see invisible,
carnivore 3, speed 1, shaggy fur 1, slow metabolism 1, sharp paws
a: no special abilities


You were on level 3 of the Dungeon.
You were not hungry.

You visited 1 branch of the dungeon, and saw 3 of its levels.

You collected 45 gold pieces.

Inventory:

Hand Weapons
 d - a +0 club
Scrolls
 e - a scroll of blinking
Books
 a - a book of Callings

   Spells                             Type                      Level
   a - Summon Small Mammal            Summoning                    1
   b - Call Imp                       Summoning                    2
   c - Call Canine Familiar           Summoning                    3
   d - Summon Guardian Golem          Hexes/Summoning              3
   e - Summon Lightning Spire         Summoning/Air                4
   f - Summon Ice Beast               Ice/Summoning                4
 c - a book of Ice

   Spells                             Type                      Level
   a - Ice Form                       Ice/Transmutation            4
   b - Metabolic Englaciation         Hexes/Ice                    5
   c - Ozocubu's Refrigeration        Ice                          6
   d - Bolt of Cold                   Conjuration/Ice              6
   e - Freezing Cloud                 Conjuration/Ice/Air          6
   f - Simulacrum                     Ice/Necromancy               6
Comestibles
 b - 2 meat rations
 f - 2 chunks of flesh
 g - a beef jerky


   Skills:
 + Level 2.8 Dodging
 + Level 3.0 Stealth
 + Level 0.2 Unarmed Combat
 + Level 2.6 Spellcasting
 + Level 4.4 Summonings


You had 5 spell levels left.
You knew the following spells:

 Your Spells              Type           Power        Failure   Level  Hunger
b - Call Imp              Summ           ###.....     4%          2    ##.....


Dungeon Overview and Level Annotations

Branches:
Dungeon (3/15)

Altars:
Dithmenos
Makhleb
Nemelex Xobeh


Innate Abilities, Weirdness & Mutations

You cannot wear armour.
You are incapable of wielding weapons or throwing items.
You have sharp claws.
You have razor-sharp teeth.
You have supernaturally acute eyesight.
You are carnivorous and can eat meat at any time.
You cover ground quickly.
You are covered in fur (AC +1).
You have a slow metabolism.
Your sharp claws are effective at attacking unaware monsters.


Message History

Casting: Call Imp
Confirm with . or Enter, or press ? or * to list all spells.
A beastly little devil appears in a puff of flame.
The goblin closely misses you. Something hits your crimson imp.
The gnoll misses you.
Your crimson imp closely misses the gnoll.
You scratch the goblin.
The goblin is severely wounded.
Something completely misses your crimson imp.
The goblin hits you but does no damage. The gnoll misses you.
Your crimson imp hits the goblin.
The goblin dies!
Your crimson imp blinks!
You scratch the gnoll.
The gnoll is moderately wounded.
The gnoll hits you with a halberd!
Ouch! That really hurt!
* * * LOW HITPOINT WARNING * * *
The gnoll hits you from afar with a spear.
You die...

....... ._..⌠..
....... ......_
...._.. g....
..######g.###..
.......@5...(..
.#######)5%####
..5.... .#.?###
.##.# ## .# . #


You could see 2 gnolls, 2 friendly crimson imps and a friendly white imp.

Vanquished Creatures
  An adder (D:2)
  3 goblins
  A hobgoblin (D:1)
  3 kobolds
  A quokka (D:2)
  4 rats
13 creatures vanquished.

Vanquished Creatures (collateral kills)
  An adder (D:2)
  A giant gecko (D:2)
  An orc (D:3)
  3 goblins
  A ball python (D:2)
  A bat (D:1)
  2 kobolds (D:1)
  A rat (D:1)
11 creatures vanquished.

Grand Total: 24 creatures vanquished

Notes
Turn   | Place    | Note
--------------------------------------------------------------
     0 | D:1      | Jersh the Felid Summoner began the quest for the Orb.
     0 | D:1      | Reached XP level 1. HP: 7/7 MP: 4/4
   218 | D:1      | Reached XP level 2. HP: 9/11 MP: 3/6
   238 | D:1      | Learned a level 2 spell: Call Imp
   628 | D:2      | Reached XP level 3. HP: 10/14 MP: 4/7
   703 | D:3      | Found a burning altar of Makhleb.
   703 | D:3      | Found a sparkling altar of Nemelex Xobeh.
   703 | D:3      | Found a shadowy altar of Dithmenos.
   708 | D:3      | Slain by a gnoll

Skill      XL: |  1  2  3 |
---------------+----------+-----
Stealth        | 3 |  3.0
Dodging        | |  2.8
Unarmed Combat | |  0.2
Spellcasting   | |  2.6
Summonings     | |  4.4

Action                   || total
-------------------------++-------
Melee: Unarmed           ||    46
       Bite              ||     2
 Cast: Summon Small Mamm ||    16
       Call Imp          ||    12
  Use: Scroll            ||     3
       Potion            ||     1
 Stab: Sleeping          ||     4
  Eat: Chunk             ||     2
Armor: Skin              ||     3
Dodge: Dodged            ||    44
